| TOP OF THE 1ST |
|
Jacksonville Suns batting - Pitching for Charlotte Hornets : LHP Juan Valdez
|
|
Pitching: LHP Juan Valdez
|
|
|
Batting: RHB Lyle Brackenridge
|
0-0: Called Strike 0-1: Foul Ball, location: 2F 0-2: Strikes out looking
|
|
Batting: SHB Joe Morales
|
0-0: Called Strike 0-1: Foul Ball, location: 2F 0-2: Ball 1-2: SINGLE (Flyball, 7S, EV 83.1 MPH)
|
|
Batting: LHB Andy Carlton
|
0-0: Called Strike 0-1: Ball 1-1: Ball 2-1: Ball 3-1: Called Strike 3-2: Fly out, F7 (Flyball, 78D, EV 103.1 MPH)
|
|
Batting: RHB Edward Packard
|
0-0: Ball 1-0: Ball 2-0: Ball 3-0: Base on Balls Joe Morales to second
|
|
Batting: LHB Pete M O'Brien
|
0-0: Ground out U3 (Groundball, 34, EV 86.3 MPH)
|
| Top of the 1st over - 0 runs, 1 hit, 0 errors, 2 left on base; Jacksonville 0 - Charlotte 0 |
| BOTTOM OF THE 1ST |
|
Charlotte Hornets batting - Pitching for Jacksonville Suns : LHP Stephen Hartery
|
|
Pitching: LHP Stephen Hartery
|
|
|
Batting: RHB Charles Stafford
|
0-0: Ball 1-0: Ball 2-0: Ball 3-0: Called Strike 3-1: SINGLE (Line Drive, 56D, EV 105.6 MPH)
|
|
Batting: RHB Juan Bonilla
|
0-0: Grounds into double play, 4-6-3 (Groundball, 4, EV 83.8 MPH)
|
|
Batting: RHB Ron Johnson
|
0-0: Called Strike 0-1: Ball 1-1: Called Strike 1-2: Foul Ball, location: 2F 1-2: Fly out, F8 (Flyball, 78D, EV 87.5 MPH)
|
| Bottom of the 1st over - 0 runs, 1 hit, 0 errors, 0 left on base; Jacksonville 0 - Charlotte 0 |
| TOP OF THE 2ND |
|
Jacksonville Suns batting - Pitching for Charlotte Hornets : LHP Juan Valdez
|
|
Batting: LHB Dave Baker
|
0-0: Called Strike 0-1: Swinging Strike 0-2: Strikes out swinging
|
|
Batting: LHB Michael Kelly
|
0-0: DOUBLE (Flyball, 8RXD, EV 96.9 MPH)
|
|
Batting: LHB Donald Seeker
|
0-0: Called Strike 0-1: Ball 1-1: Swinging Strike 1-2: Strikes out swinging
|
|
Batting: RHB Henry Powell
|
0-0: Ball 1-0: Ball 2-0: Called Strike 2-1: Fly out, F7 (Flyball, 78M, EV 88.1 MPH)
|
| Top of the 2nd over - 0 runs, 1 hit, 0 errors, 1 left on base; Jacksonville 0 - Charlotte 0 |
| BOTTOM OF THE 2ND |
|
Charlotte Hornets batting - Pitching for Jacksonville Suns : LHP Stephen Hartery
|
|
Batting: RHB Tom Romano
|
0-0: Ball 1-0: Foul Ball, location: 2F 1-1: Ball 2-1: Ball 3-1: Called Strike 3-2: Fly out, F8 (Line Drive, 8RM, EV 85.6 MPH)
|
|
Batting: RHB Barry Lyons
|
0-0: Ball 1-0: Called Strike 1-1: Ball 2-1: Ball 3-1: Swinging Strike 3-2: Foul Ball, location: 2F 3-2: Base on Balls
|
|
Batting: LHB Jesus Diaz
|
0-0: Fielders Choice at 2nd, 4-6 (Groundball, 4, EV 85.0 MPH)
|
|
Batting: RHB Alvaro Espinoza
|
0-0: Ball Jesus Diaz is caught stealing 2nd base 2-4
|
| Bottom of the 2nd over - 0 runs, 0 hits, 0 errors, 0 left on base; Jacksonville 0 - Charlotte 0 |
| TOP OF THE 3RD |
|
Jacksonville Suns batting - Pitching for Charlotte Hornets : LHP Juan Valdez
|
|
Batting: RHB Lyle Brackenridge
|
0-0: Ball 1-0: Called Strike 1-1: Foul Ball, location: 2F 1-2: Foul Ball, location: 2F 1-2: SINGLE (Line Drive, 89S, EV 96.3 MPH)
|
|
Batting: SHB Joe Morales
|
0-0: Ball 1-0: Ball 2-0: Ball 3-0: Base on Balls Lyle Brackenridge to second
|
|
Batting: LHB Andy Carlton
|
0-0: Ball 1-0: Ball 2-0: Fly out, F7 (Flyball, 7LS, EV 81.3 MPH)
|
|
Batting: RHB Edward Packard
|
0-0: Foul Ball, location: 2F 0-1: Foul Ball, location: 2F 0-2: Foul Ball, location: 2F 0-2: Ball 1-2: Ball 2-2: Foul Ball, location: 2F 2-2: Ball 3-2: Grounds into double play, 3-6-3 (Groundball, 3, EV 100.0 MPH)
|
| Top of the 3rd over - 0 runs, 1 hit, 0 errors, 1 left on base; Jacksonville 0 - Charlotte 0 |
| BOTTOM OF THE 3RD |
|
Charlotte Hornets batting - Pitching for Jacksonville Suns : LHP Stephen Hartery
|
|
Batting: RHB Alvaro Espinoza
|
0-0: Called Strike 0-1: Ball 1-1: DOUBLE (Line Drive, 89D, EV 111.3 MPH)
|
|
Batting: SHB Jose Mota
|
0-0: SINGLE (Line Drive, 34D, EV 105.0 MPH) Alvaro Espinoza to third
|
|
Batting: RHB John O'Rear
|
0-0: Called Strike 0-1: Ball 1-1: Ball 2-1: Ball 3-1: Fielders Choice at 2nd, 4-6 (Groundball, 4M, EV 106.3 MPH) Alvaro Espinoza scores
|
|
Batting: RHB Charles Stafford
|
0-0: Ball 1-0: Called Strike 1-1: Swinging Strike 1-2: Ball John O'Rear steals 2nd base 2-2: Ball 3-2: Base on Balls
|
|
Batting: RHB Juan Bonilla
|
0-0: DOUBLE (Line Drive, 9LS, EV 98.1 MPH) John O'Rear scores Charles Stafford to third Runner from 3rd tries for Home, SAFE, throw by RF to trailing runner, SAFE at third!
|
|
Batting: RHB Ron Johnson
|
0-0: Ball 1-0: Ball 2-0: Swinging Strike 2-1: SINGLE (Flyball, 9S, EV 86.3 MPH) Juan Bonilla scores
|
|
Batting: RHB Tom Romano
|
0-0: Ball 1-0: Ball 2-0: Fly out, F9 (Flyball, 9S, EV 89.4 MPH)
|
|
Batting: RHB Barry Lyons
|
0-0: Ball 1-0: Called Strike 1-1: Ball 2-1: Fielders Choice at 2nd, U4 (Groundball, 4M, EV 86.9 MPH)
|
| Bottom of the 3rd over - 4 runs, 4 hits, 0 errors, 1 left on base; Jacksonville 0 - Charlotte 4 |
| TOP OF THE 4TH |
|
Jacksonville Suns batting - Pitching for Charlotte Hornets : LHP Juan Valdez
|
|
Batting: LHB Pete M O'Brien
|
0-0: Fly out, F8 (Flyball, 8LS, EV 86.3 MPH)
|
|
Batting: LHB Dave Baker
|
0-0: Called Strike 0-1: Called Strike 0-2: Ball 1-2: Strikes out looking
|
|
Batting: LHB Michael Kelly
|
0-0: Ball 1-0: Fly out, F8 (Flyball, 8LS, EV 90.0 MPH)
|
| Top of the 4th over - 0 runs, 0 hits, 0 errors, 0 left on base; Jacksonville 0 - Charlotte 4 |
| BOTTOM OF THE 4TH |
|
Charlotte Hornets batting - Pitching for Jacksonville Suns : LHP Stephen Hartery
|
|
Batting: LHB Jesus Diaz
|
0-0: Ground out U3 (Groundball, 34S, EV 78.8 MPH)
|
|
Batting: RHB Alvaro Espinoza
|
0-0: Ground out 5-3 (Groundball, 56S, EV 77.5 MPH)
|
|
Batting: SHB Jose Mota
|
0-0: Ball 1-0: Swinging Strike 1-1: Swinging Strike 1-2: Ball 2-2: Fly out, F4 (Popup, 4D, EV 48.1 MPH)
|
| Bottom of the 4th over - 0 runs, 0 hits, 0 errors, 0 left on base; Jacksonville 0 - Charlotte 4 |
| TOP OF THE 5TH |
|
Jacksonville Suns batting - Pitching for Charlotte Hornets : LHP Juan Valdez
|
|
Batting: LHB Donald Seeker
|
0-0: Foul Ball, location: 2F 0-1: Foul Ball, location: 2F 0-2: Strikes out swinging
|
|
Batting: RHB Henry Powell
|
0-0: Swinging Strike 0-1: Ball 1-1: Foul Ball, location: 2F 1-2: Strikes out swinging
|
|
Batting: RHB Lyle Brackenridge
|
0-0: Ball 1-0: Ball 2-0: Ball 3-0: Base on Balls
|
|
Batting: SHB Joe Morales
|
0-0: Called Strike 0-1: Ball 1-1: Called Strike Lyle Brackenridge is caught stealing 2nd base 2-4
|
| Top of the 5th over - 0 runs, 0 hits, 0 errors, 0 left on base; Jacksonville 0 - Charlotte 4 |
| BOTTOM OF THE 5TH |
|
Charlotte Hornets batting - Pitching for Jacksonville Suns : LHP Stephen Hartery
|
|
Batting: RHB John O'Rear
|
0-0: Ball 1-0: Fly out, F7 (Flyball, 78D, EV 108.8 MPH)
|
|
Batting: RHB Charles Stafford
|
0-0: Ball 1-0: Ball 2-0: Ball 3-0: Called Strike 3-1: Foul Ball, location: 2F 3-2: Foul Ball, location: 2F 3-2: Foul Ball, location: 2F 3-2: Foul Ball, location: 2F 3-2: Foul Ball, location: 2F 3-2: Base on Balls
|
|
Batting: RHB Juan Bonilla
|
0-0: Called Strike 0-1: Ball 1-1: Called Strike 1-2: Ball 2-2: Foul Ball, location: 2F 2-2: Fly out, F3 (Popup, 3S, EV 75.6 MPH)
|
|
Batting: RHB Ron Johnson
|
0-0: Called Strike 0-1: Called Strike 0-2: Ball 1-2: Fielders Choice at 2nd, 5-4 (Groundball, 56, EV 76.9 MPH)
|
| Bottom of the 5th over - 0 runs, 0 hits, 0 errors, 1 left on base; Jacksonville 0 - Charlotte 4 |
| TOP OF THE 6TH |
|
Jacksonville Suns batting - Pitching for Charlotte Hornets : LHP Juan Valdez
|
|
Batting: SHB Joe Morales
|
0-0: Called Strike 0-1: Fly out, F6 (Flyball, 56D, EV 87.5 MPH)
|
|
Batting: LHB Andy Carlton
|
0-0: Fly out, F9 (Flyball, 9LS, EV 98.1 MPH)
|
|
Batting: RHB Edward Packard
|
0-0: Ball 1-0: Swinging Strike 1-1: Swinging Strike 1-2: Ball 2-2: Strikes out looking
|
| Top of the 6th over - 0 runs, 0 hits, 0 errors, 0 left on base; Jacksonville 0 - Charlotte 4 |
| BOTTOM OF THE 6TH |
|
Charlotte Hornets batting - Pitching for Jacksonville Suns : LHP Stephen Hartery
|
|
Batting: RHB Tom Romano
|
0-0: Ball 1-0: Swinging Strike 1-1: Fly out, F7 (Flyball, 7, EV 88.1 MPH)
|
|
Batting: RHB Barry Lyons
|
0-0: Ball 1-0: Swinging Strike 1-1: Swinging Strike 1-2: Fly out, F8 (Flyball, 89M, EV 79.4 MPH)
|
|
Batting: LHB Jesus Diaz
|
0-0: Called Strike 0-1: Ball 1-1: SINGLE (Groundball, P, EV 80.0 MPH) (infield hit)
|
|
Batting: RHB Alvaro Espinoza
|
0-0: Ball Jesus Diaz steals 2nd base 1-0: Ball 2-0: Ground out 5-3 (Groundball, 56, EV 85.0 MPH)
|
| Bottom of the 6th over - 0 runs, 1 hit, 0 errors, 1 left on base; Jacksonville 0 - Charlotte 4 |
| TOP OF THE 7TH |
|
Jacksonville Suns batting - Pitching for Charlotte Hornets : LHP Juan Valdez
|
|
Batting: LHB Pete M O'Brien
|
0-0: Called Strike 0-1: SINGLE (Line Drive, 6D, EV 95.0 MPH)
|
|
Batting: LHB Dave Baker
|
0-0: Ball 1-0: Called Strike 1-1: Called Strike 1-2: Ball 2-2: Strikes out swinging
|
|
Batting: LHB Michael Kelly
|
0-0: Ball 1-0: Ball 2-0: Called Strike 2-1: Swinging Strike 2-2: Strikes out looking
|
|
Batting: LHB Donald Seeker
|
0-0: Swinging Strike 0-1: Foul Ball, location: 2F 0-2: Ball 1-2: Ball 2-2: Ball 3-2: Reached on error, E4 (Groundball, 4, EV 101.9 MPH) Pete M O'Brien to second
|
|
Batting: RHB Henry Powell
|
0-0: Ball 1-0: Ball 2-0: Ball 3-0: Foul Ball, location: 2F 3-1: Base on Balls Pete M O'Brien to third Donald Seeker to second
|
|
Pitching: RHP Mark Saunders
|
|
|
Batting: RHB Lyle Brackenridge
|
0-0: Called Strike 0-1: Ball 1-1: Foul Ball, location: 2F 1-2: Ball 2-2: SINGLE (Groundball, 5S, EV 64.4 MPH) (infield hit) Pete M O'Brien scores Donald Seeker to third Henry Powell to second
|
|
Batting: SHB Joe Morales
|
0-0: Called Strike 0-1: Ground out 4-3 (Groundball, 34D, EV 105.0 MPH)
|
| Top of the 7th over - 1 run, 2 hits, 1 error, 3 left on base; Jacksonville 1 - Charlotte 4 |
| BOTTOM OF THE 7TH |
|
Charlotte Hornets batting - Pitching for Jacksonville Suns : LHP Stephen Hartery
|
|
Batting: SHB Jose Mota
|
0-0: Swinging Strike 0-1: Ball 1-1: Called Strike 1-2: Ball 2-2: Strikes out swinging
|
|
Batting: RHB John O'Rear
|
0-0: DOUBLE (Line Drive, 78M, EV 108.8 MPH)
|
|
Batting: RHB Charles Stafford
|
0-0: Ball 1-0: Ball 2-0: Foul Ball, location: 2F 2-1: Foul Ball, location: 2F 2-2: Foul Ball, location: 2F 2-2: Ball 3-2: Foul Ball, location: 2F 3-2: Foul Ball, location: 2F 3-2: Foul Ball, location: 2F 3-2: Base on Balls
|
|
Batting: RHB Juan Bonilla
|
0-0: Ball 1-0: Ball 2-0: Fly out, F6 (Line Drive, 6, EV 74.4 MPH)
|
|
Batting: RHB Ron Johnson
|
0-0: Ball 1-0: Ball 2-0: Fielders Choice at 2nd, 5-4 (Groundball, 5, EV 81.9 MPH)
|
| Bottom of the 7th over - 0 runs, 1 hit, 0 errors, 2 left on base; Jacksonville 1 - Charlotte 4 |
| TOP OF THE 8TH |
|
Jacksonville Suns batting - Pitching for Charlotte Hornets : RHP Mark Saunders
|
|
Batting: LHB Andy Carlton
|
0-0: Ball 1-0: Fly out, F8 (Flyball, 78M, EV 89.4 MPH)
|
|
Batting: RHB Edward Packard
|
0-0: Ball 1-0: Swinging Strike 1-1: Foul Ball, location: 2F 1-2: Ball 2-2: Strikes out looking
|
|
Batting: LHB Pete M O'Brien
|
0-0: Fly out, F8 (Flyball, 78M, EV 83.8 MPH)
|
| Top of the 8th over - 0 runs, 0 hits, 0 errors, 0 left on base; Jacksonville 1 - Charlotte 4 |
| BOTTOM OF THE 8TH |
|
Charlotte Hornets batting - Pitching for Jacksonville Suns : LHP Stephen Hartery
|
|
Batting: RHB Tom Romano
|
0-0: Foul Ball, location: 2F 0-1: SINGLE (Flyball, 89S, EV 94.4 MPH)
|
|
Batting: RHB Barry Lyons
|
0-0: Ball 1-0: Ball 2-0: Ball 3-0: Called Strike 3-1: Base on Balls Tom Romano to second
|
|
Batting: LHB Jesus Diaz
|
0-0: Bunt missed! 0-1: Bunted foul 0-2: Ball 1-2: Fielders Choice at 2nd, 4-6 (Groundball, 4M, EV 80.0 MPH) Tom Romano to third
|
|
Batting: RHB Alvaro Espinoza
|
0-0: Ground out U3 (Groundball, 34S, EV 90.0 MPH) Jesus Diaz to second
|
|
Batting: SHB Jose Mota
|
0-0: Ball 1-0: Ball 2-0: Ball 3-0: Called Strike 3-1: Foul Ball, location: 2F 3-2: Ground out 3-1 (Groundball, 34, EV 102.5 MPH)
|
| Bottom of the 8th over - 0 runs, 1 hit, 0 errors, 2 left on base; Jacksonville 1 - Charlotte 4 |
| TOP OF THE 9TH |
|
Jacksonville Suns batting - Pitching for Charlotte Hornets : RHP Mark Saunders
|
|
Batting: LHB Dave Baker
|
0-0: Called Strike 0-1: Called Strike 0-2: Strikes out swinging
|
|
Batting: LHB Michael Kelly
|
0-0: Ball 1-0: Swinging Strike 1-1: Ball 2-1: Foul Ball, location: 2F 2-2: Fly out, F9 (Flyball, 9S, EV 79.4 MPH)
|
|
Batting: LHB Donald Seeker
|
0-0: Ball 1-0: Ball 2-0: Foul Ball, location: 2F 2-1: Called Strike 2-2: Strikes out swinging
|
| Top of the 9th over - 0 runs, 0 hits, 0 errors, 0 left on base; Jacksonville 1 - Charlotte 4 |
|